 Dungeon Crawl Stone Soup version 0.31.0-11-ge490571c62 (webtiles) character file.

Game seed: 5468292571091231972

884 Rassilon the Insei (level 7, 0/56 HPs)
             Began as a Demonspawn Monk on Jan 31, 2024.
             Was a Believer of Wu Jian.
             Slain by a gnoll
             ... wielding a +0 heavy halberd
              (16 damage)
             ... on level 6 of the Dungeon.
             The game lasted 00:24:47 (4775 turns).

Rassilon the Insei (Demonspawn Monk)                Turns: 4775, Time: 00:24:48

Health: 0/56       AC:  5    Str: 11    XL:     7   Next: 76%
Magic:  0/9        EV: 14    Int: 15    God:    Wu Jian [**....]
Gold:   364        SH:  0    Dex: 23    Spells: 4/9 levels left

rFire   . .          .
                       - Unarmed
rCold   . . .        (no shield)
rNeg    . . .        n - +0 troll leather armour {Pargi}
rPois   .            (no helmet)
rElec   .            v - +0 cloak
rCorr   .            (no gloves)
SInv    .            (no boots)
Will    .....        t - amulet of guardian spirit
Stlth   ++           o - ring of wizardry
HPRegen 1.09/turn    q - ring of Zatri {Int+4 Dex+6}
MPRegen 0.11/turn

%: guardian spirit, wizardry (x1)
@: no status effects
A: hooves 1, rugged brown scales 1, demonic guardian 2
a: Renounce Religion, Wall Jump


You were on level 6 of the Dungeon.
You worshipped Wu Jian.
Wu Jian was pleased with you.
You visited 2 branches of the dungeon, and saw 7 of its levels.
You also visited: Sewer.

You collected 364 gold pieces.

Inventory:

Armour
 h - a +0 cloak
 n - a +0 troll leather armour (worn) {Pargi}
 v - a +0 cloak (worn)
Jewellery
 l - a +6 ring of strength
 o - a ring of wizardry (left hand)
 q - the ring of Zatri (right hand) {Int+4 Dex+6}
   (You found it on level 4 of the Dungeon)

   [ring of dexterity]

   Int+4:     It affects your intelligence (+4).
   Dex+6:     It affects your dexterity (+6).
 t - an amulet of guardian spirit (around neck)
Talismans
 j - a maw talisman
Wands
 w - a wand of iceblast (4)
Scrolls
 e - 3 scrolls of teleportation
 m - a scroll of poison {unknown}
 p - a scroll of fear {unknown}
 r - a scroll of enchant weapon
 s - a scroll of enchant armour {unknown}
 u - a scroll of butterflies {unknown}
 y - a scroll of blinking {unknown}
Potions
 a - a potion of resistance
 b - a potion of ambrosia
 c - 2 potions of curing
 d - 2 potions of heal wounds {unknown}
 f - 3 potions of degeneration {unknown}
 g - a potion of invisibility {unknown}
 i - a potion of attraction {unknown}
 k - a potion of mutation {unknown}
 x - a potion of might {unknown}


   Skills:
 + Level 4.9 Fighting
 + Level 4.4 Dodging
 * Level 5.6 Unarmed Combat
 + Level 1.8 Spellcasting
 + Level 2.6 Shapeshifting


You had 4 spell levels left.
You knew the following spells:

 Your Spells              Type           Power      Damage    Failure   Level
a - Necrotise             Necr           4%         1d4       12%         1
b - Sting                 Conj/Alch      4%         1d3       12%         1
c - Frozen Ramparts       Ice            2%         1d1       32%         3

Your spell library contained the following spells:

 Spells                   Type           Power      Damage    Failure   Level
 Apportation              Tloc           2%         N/A       12%         1
 Summon Small Mammal      Summ           4%         N/A       12%         1
 Cigotuvi's Dreadful Rot  Necr/Alch/Air  2%         N/A       17%         2
 Sublimation of Blood     Necr           1%         N/A       17%         2
 Ignite Poison            Fire/Alch      1%         N/A       71%         4
 Leda's Liquefaction      Alch/Erth      0%         N/A       71%         4
 Petrify                  Alch/Erth      1%         N/A       71%         4
 Freezing Cloud           Conj/Ice/Air   0%         6-21      96%         5
 Irradiate                Conj/Alch      0%         3d11      96%         5
 Metabolic Englaciation   Hex/Ice        0%         N/A       96%         5


Dungeon Overview and Level Annotations

Branches:
Dungeon (6/15)             Temple (1/1) D:4           Sewer (visited)

Altars:
Ashenzari
Gozag
Hepliaklqana
Okawaru
Qazlal
Ru
Sif Muna
Vehumet
Wu Jian
Xom


Innate Abilities, Weirdness & Mutations

You have large cloven feet.
You are partially covered in rugged brown scales. (AC +1, +3% HP)
A demonic guardian rushes to your aid.


Message History

You closely miss the orc.
The orc is severely wounded.
The gnoll hits you with a +0 heavy halberd!
The orc hits you with a +0 dagger.
You hit the orc.
You kill the orc!
The Council accepts your kill.
You spin and attack the gnoll repeatedly.
You hit the gnoll. You kick the gnoll.
The gnoll is moderately wounded.
You hit the gnoll but do no damage.
The gnoll is moderately wounded.
The gnoll completely misses you. The ufetubus closely misses you.
The ufetubus hits you.
Items here: ( )) †.
Unknown command.
The ufetubus hits you. The ufetubus closely misses you. The gnoll misses you.
The ufetubus hits you. x2; The ufetubus misses you.
The ufetubus closely misses you.
Aiming: Wall Jump
Press: ? - help, Dir - move target
Found 5 gold pieces.
You repeatedly attack the ufetubus from above.
You closely miss the ufetubus. Your kick misses the ufetubus.
You hit the ufetubus. Your kick misses the ufetubus.
The ufetubus is moderately wounded.
You repeatedly attack the gnoll from above.
You closely miss the gnoll. You kick the gnoll, but do no damage.
The gnoll is moderately wounded.
You hit the gnoll. Your kick misses the gnoll.
The gnoll is heavily wounded.
The ufetubus hits you but does no damage.
The ufetubus closely misses you.
The gnoll hits you with a +0 heavy halberd!
The ufetubus slips past you!
The ufetubus hits you but does no damage.
The ufetubus hits you. x3
* * * LOW HITPOINT WARNING * * *
The gnoll hits you with a +0 heavy halberd!!
You die...

...# ... ###### #.. ####
#....# #..##...## #....#
#.#.....:## #....#
#.........# #....#
#.°○○.....#
######'#####+#)g@○.....#
...............#°5....##
...............#......#
...............#.....#..
...............#.$.#....
...............##..#....
#....#######....#..# ###
#....+ #....+... #....#
+....#


You could see a gnoll and an ufetubus.

Vanquished Creatures
  Pargi (Sewer)
  An ice beast (D:6)
  An ogre (D:4)
  A centaur (D:5)
  A brain worm (Sewer)
  A howler monkey (D:5)
  An orc wizard (D:3)
  10 gnolls
  8 adders
  4 dart slugs
  3 ribbon worms
  5 orcs
  3 endoplasms
  7 giant cockroaches
  6 goblins
  8 hobgoblins
  3 quokkas
  6 ball pythons
  12 bats
  6 frilled lizards
  8 kobolds
  4 rats
100 creatures vanquished.

Vanquished Creatures (collateral kills)
  A scorpion (D:5)
  A gnoll bouda (D:5)
  A sleepcap (D:5)
  3 gnolls (D:5)
  An orc (D:3)
  A ball python (D:3)
8 creatures vanquished.

Grand Total: 108 creatures vanquished

Notes
Turn   | Place    | Note
-------+----------+-------------------------------------------
     0 | D:1      | Rassilon the Demonspawn Monk began the quest for the Orb.
     0 | D:1      | Reached XP level 1. HP: 18/18 MP: 1/1
   209 | D:1      | Gained mutation: You have large cloven feet. [demonic
                  | ancestry]
   209 | D:1      | Reached XP level 2. HP: 14/24 MP: 2/2
   313 | D:1      | Reached skill level 3 in Unarmed Combat
   694 | D:1      | Found a faded altar of an unknown god.
   955 | D:2      | Gained mutation: A weak demonic guardian rushes to your
                  | aid. [demonic ancestry]
   955 | D:2      | Reached XP level 3. HP: 29/29 MP: 3/3
  1731 | D:3      | Reached XP level 4. HP: 18/36 MP: 4/4
  1735 | D:3      | Found a glowing drain.
  1741 | Sewer    | Entered a sewer
  1807 | Sewer    | Noticed a brain worm
  1816 | Sewer    | Killed a brain worm
  1817 | Sewer    | Reached skill level 1 in Shapeshifting
  1819 | Sewer    | Noticed Pargi
  1835 | Sewer    | Killed Pargi
  1836 | Sewer    | Reached skill level 4 in Unarmed Combat
  1836 | Sewer    | Gained mutation: You are partially covered in rugged brown
                  | scales. (AC +1, +3% HP) [demonic ancestry]
  1836 | Sewer    | Reached XP level 5. HP: 24/43 MP: 3/5
  2136 | D:3      | Reached XP level 6. HP: 35/49 MP: 6/6
  2335 | D:3      | Learned a level 1 spell: Necrotise
  2337 | D:3      | Learned a level 1 spell: Sting
  2466 | D:4      | Found a staircase to the Ecumenical Temple.
  2475 | Temple   | Entered the Ecumenical Temple
  2481 | Temple   | Became a worshipper of the Wu Jian Council
  2481 | Temple   | Reached * piety under Wu Jian
  2481 | Temple   | Reached ** piety under Wu Jian
  2689 | D:4      | Identified the ring of Zatri {Int+4 Dex+6}
  3312 | D:5      | Entered Level 5 of the Dungeon
  3499 | D:5      | Reached skill level 5 in Unarmed Combat
  3499 | D:5      | Reached skill level 1 in Spellcasting
  3499 | D:5      | Gained mutation: A demonic guardian rushes to your aid.
                  | [demonic ancestry]
  3499 | D:5      | Reached XP level 7. HP: 49/56 MP: 6/8
  4509 | D:6      | Learned a level 3 spell: Frozen Ramparts
  4775 | D:6      | Slain by a gnoll

Illustrated notes

Levels and vault maps discovered:
D:1:      wander_arrival_lonely_grave, layout_basic,
          hellmonk_ecumenical_altar_prayer_group, minmay_tetromino_s4
D:2:      layout_loops_ring
D:3:      layout_rooms, portal_sewer_entry_e
D:4:      layout_loops_corners, minmay_temple_entry_sparse_star,
          kennysheep_generic_room_7
D:5:      layout_layer_cave, minmay_misc_feat_hallway
D:6:      layout_gridville, yredelemnul_altar_generic, chei_slow_surprise,
          mainiacjoe_overflow_six_doors_small, minmay_manual_moon
Temple:   chequers_temple_sunken

Skill      XL: |  1  2  3  4  5  6 |
---------------+-------------------+-----
Dodging        | 3 4 |  4.4
Unarmed Combat | 3 4 5 |  5.6
Shapeshifting  | 1 2 |  2.6
Fighting       | 4 |  4.9
Spellcasting   | 1 |  1.8

Action                     |  1- 3 |  4- 6 |  7- 9 || total
---------------------------+-------+-------+-------++-------
  Melee: Unarmed           |   136 |   156 |    95 ||   387
         Punch             |     4 |     2 |     2 ||     8
         Kick              |    33 |    39 |    29 ||   101
   Cast: Sting             |       |     3 |     1 ||     4
         Necrotise         |       |     1 |     3 ||     4
         Frozen Ramparts   |       |       |     2 ||     2
Ability: Whirlwind         |       |     9 |    27 ||    36
         Lunge             |       |     5 |     4 ||     9
         Wall Jump         |       |     2 |     6 ||     8
    Use: Scroll            |     1 |     1 |     3 ||     5
         Potion            |       |     1 |       ||     1
   Stab: Sleeping          |       |     1 |       ||     1
 Armour: Robe              |    57 |    11 |       ||    68
         Troll leather arm |       |    62 |    54 ||   116
  Dodge: Dodged            |   110 |   106 |    76 ||   292
